 Dungeon Crawl Stone Soup version 0.29.0-13-gc9e81de378 (webtiles) character file.

Game seed: 10014302162589338490

149 Monkooky the Trooper (level 5, -1/46 HPs)
             Began as a Barachi Wanderer on Sept 9, 2022.
             Was a Believer of Wu Jian.
             Killed by nerve-wracking pain
             ... invoked by an orc priest
              (14 damage)
             ... on level 4 of the Dungeon.
             The game lasted 00:05:28 (2571 turns).

Monkooky the Trooper (Barachi Wanderer)             Turns: 2571, Time: 00:05:28

Health: -1/46      AC: 13    Str: 17    XL:     5   Next: 31%
Magic:  6/6        EV:  6    Int: 11    God:    Wu Jian [**....]
Gold:   104        SH:  0    Dex: 11    Spells: 6/6 levels left

rFire   . . .      SeeInvis .   a - +0 flail
rCold   . . .      Faith    .   (no shield)
rNeg    . . .      Spirit   .   f - +0 chain mail
rPois   .          Reflect  .   e - +2 helmet
rElec   .          Harm     .   g - scarf {repulsion}
rCorr   .          Rampage  .   v - +1 pair of gloves
Will    .....                   (no boots)
Stlth   ..........              (no amulet)
HPRegen 0.15/turn               (no ring)
MPRegen 0.10/turn               (no ring)

@: repel missiles, slow
A: amphibious, slowness 1, strong legs 1, +LOS
a: Hop, Renounce Religion, Wall Jump


You were on level 4 of the Dungeon.
You worshipped Wu Jian.
Wu Jian was pleased with you.
You visited 1 branch of the dungeon, and saw 4 of its levels.

You collected 104 gold pieces.

Inventory:

Hand Weapons
 a - a +0 flail (weapon)
Armour
 c - a +0 scale mail
 e - a +2 helmet (worn)
 f - a +0 chain mail (worn)
 g - a scarf of repulsion (worn)
 m - a +0 pair of gloves
 v - a +1 pair of gloves (worn)
Jewellery
 j - a ring of protection from cold
 k - a +4 ring of protection
Scrolls
 b - 3 scrolls of teleportation
 d - a scroll of blinking
 i - 2 scrolls of identify {unknown}
 n - a scroll of fear {unknown}
 p - 2 scrolls of butterflies {unknown}
 s - a scroll of amnesia {unknown}
 t - a scroll of enchant armour {unknown}
Potions
 h - 2 potions of lignification {unknown}
 l - a potion of attraction {unknown}
 o - a potion of haste {unknown}
 q - 2 potions of flight {unknown}
 r - 2 potions of heal wounds {unknown}
 u - 2 potions of cancellation {unknown}


   Skills:
 - Level 5.7 Fighting
 + Level 5.5 Maces & Flails
 - Level 1.2 Armour
 - Level 1.0 Stealth
 - Level 1.1 Spellcasting
 - Level 1.0 Invocations
 - Level 1.1 Evocations


You had 6 spell levels left.
You didn't know any spells.
Your spell library contained the following spells:

 Spells                   Type           Power      Damage    Failure   Level
 Foxfire                  Conj/Fire      0%         2x1d4     99%         1
 Ensorcelled Hibernation  Hex/Ice        0%         N/A       100%        2
 Conjure Flame            Conj/Fire      0%         6-21      100%        3
 Inner Flame              Hex/Fire       0%         N/A       100%        3
 Spider Form              Tmut/Pois      0%         N/A       100%        3
 Anguish                  Hex/Necr       0%         N/A       100%        4
 Flame Wave               Conj/Fire      0%         2d4       100%        4


Dungeon Overview and Level Annotations

Branches:
Dungeon (4/15)
 Temple: D:4-7

Altars:
Wu Jian


Innate Abilities, Weirdness & Mutations

You are amphibious.
You cover ground slowly.
You can hop short distances.
You have an extended range of vision and can be seen from far away.


Message History

You hit the orc but do no damage. You completely miss the orc.
You repeatedly attack the orc priest from above.
You closely miss the orc priest. x2; The orc hits you with a +0 club.
The orc priest barely misses you. The orc hits you but does no damage.
The orc priest hits you with a +0 war axe.
The orc priest completely misses you. The orc hits you with a +0 club.
Unknown command.
You spin and attack the orc priest.
You barely miss the orc priest.
You spin and attack the orc.
You barely miss the orc. The orc hits you with a +0 club.
The orc priest invokes the aid of Beogh against you.
Pain shoots through your body!
Unknown command.
You spin and attack the orc priest.
You hit the orc priest.
The orc priest is heavily wounded.
The orc priest hits you with a +0 war axe.
Things that are here:
a +0 mace; a boomerang Unknown command.
You spin and attack the orc priest.
You sock the orc priest!
The orc priest is almost dead.
The orc priest invokes the aid of Beogh against you.
Beogh smites you!
* * * LOW HITPOINT WARNING * * *
Unknown command.
You closely miss the orc priest.
The orc priest is almost dead.
The orc hits you but does no damage.
The orc priest hits you but does no damage.
You barely miss the orc priest.
The orc priest is almost dead.
The orc hits you but does no damage.
The orc priest looks satisfied for a moment.
The orc priest hits you but does no damage.
The orc completely misses you.
You spin and attack the orc priest.
You closely miss the orc priest.
The orc priest is severely wounded.
The orc priest mumbles some strange prayers to Beogh against you.
Pain shoots through your body!
You die...

....# ##.#
#...#####..##
#....##.....##
#..)..........
#..........#
#......#...#
#...##..#..#
#..# ##..o.##
.... ##.o@.#
..###. #....#
# # ##.....#
#....## ##...#
.....# .##...#
# ##... .#.#


You could see an orc priest and an orc.

Vanquished Creatures
  A scorpion (D:3)
  3 adders
  A worm (D:3)
  3 orcs
  2 endoplasms
  3 giant cockroaches
  7 goblins
  3 hobgoblins
  3 jackals (D:1)
  3 quokkas
  5 ball pythons
  8 bats
  5 frilled lizards
  6 kobolds
  6 rats
59 creatures vanquished.

Notes
Turn   | Place    | Note
-------+----------+-------------------------------------------
     0 | D:1      | Monkooky the Barachi Wanderer began the quest for the Orb.
     0 | D:1      | Monkooky set off with the following items: a +0 flail, a
                  | scroll of teleportation, a +0 scale mail, a scroll of
                  | blinking.
     0 | D:1      | Reached XP level 1. HP: 13/13 MP: 2/2
    49 | D:1      | Reached skill level 1 in Fighting
   152 | D:1      | Reached XP level 2. HP: 17/22 MP: 3/3
   216 | D:1      | Found a faded altar of an unknown god.
   238 | D:1      | Prayed at the altar of an unknown god.
   238 | D:1      | Became a worshipper of the Wu Jian Council
   238 | D:1      | Reached * piety under Wu Jian
  1137 | D:2      | Reached XP level 3. HP: 26/29 MP: 4/4
  1902 | D:3      | Reached ** piety under Wu Jian
  1965 | D:3      | Reached XP level 4. HP: 37/37 MP: 5/5
  2166 | D:3      | Noticed a scorpion
  2178 | D:3      | Killed a scorpion
  2179 | D:3      | Reached skill level 5 in Fighting
  2179 | D:3      | Reached XP level 5. HP: 30/46 MP: 6/6
  2571 | D:4      | Killed from afar by an orc priest

Illustrated notes

Levels and vault maps discovered:
D:1:      mrwooster_arrival_statue_2, layout_basic, basic_ecumenical_altar,
          chequers_serial_rivers_small_a
D:2:      layout_loops_corners, minmay_tree_intersection, reono_crystal_passage,
          grunt_decor_one_mirror
D:3:      layout_rooms, guppyfry_early_lair_pool
D:4:      layout_layer_cave, minmay_bisected, uniq_sigmund, uniq_blork_the_orc

Skill      XL: |  1  2  3  4 |
---------------+-------------+-----
Fighting       | 1 3 4 5 |  5.7
Maces & Flails | |  5.5
Armour         | |  1.2
Stealth        | |  1.0
Spellcasting   | |  1.1
Invocations    | |  1.0
Evocations     | |  1.1

Action                   |  1- 3 |  4- 6 || total
-------------------------+-------+-------++-------
Melee: Flail             |   148 |    66 ||   214
Invok: Lunge             |    18 |     2 ||    20
       Whirlwind         |     1 |    18 ||    19
 Abil: Wall Jump         |       |     2 ||     2
Armor: Chain mail        |   138 |    46 ||   184
       Scale mail        |     2 |       ||     2
Dodge: Dodged            |    54 |    19 ||    73
       Repelled          |     1 |       ||     1
